AoeStats
← Jazzmushroom

Arena

510390535Analyzed
4v4 RM · 18h ago on Sep 30, 2026· 51m 8s· 8 players
Game mode
Random Map
Map size
Large (8 player)
Population
200
Speed
Normal
Resources
Standard
Victory
Conquest
Starting age
Dark Age
Ending age
Imperial Age
RankedLock teamsTeams togetherTeam positionsShared explorationLock speedFull tech treeHidden civsTurbo modeCheats
Victory
Defeat
🇺🇾 Romans · Uruguay
1381
+13
🇺🇸 Varangians · United States
1366
+14
🇵🇪 Spanish · Peru
1343
+14
🇫🇷 Persians · France
1327
+15
🇩🇪 Britons · Germany
1360
-15
🇩🇪 Slavs · Germany
1303
-14
🇩🇪 Danes · Germany
1299
-14
🇩🇪 Hindustanis · Germany
1283
-13
PNAL | Diego Rodriguez
9:43 Feudal Age
10:55 Loom
13:45 Castle Age
11:58 Double-Bit Axe
12:31 Horse Collar
15:56 Wheelbarrow
17:32 Bow Saw
19:45 Gold Mining
22:25 Scale Barding Armor
22:12 Town Watch
24:27 Chain Barding Armor
25:36 Bloodlines
25:30 Husbandry
26:28 Devotion
27:45 Forging
28:59 Hand Cart
33:35 Imperial Age
31:37 Scale Mail Armor
31:36 Pikeman
32:16 Squires
32:46 Chain Mail Armor
33:38 Iron Casting
35:27 Conscription
34:33 Halberdier
34:39 Capped Ram
36:46 Heavy Plow
37:23 Gold Shaft Mining
38:54 Blast Furnace
39:03 Chemistry
38:08 Stone Mining
39:35 Careening
39:50 Ballistics
39:39 Heavy Scorpion
41:21 Siege Engineers
41:16 Man-at-Arms
42:16 Murder Holes
42:53 Ballistas
43:14 Comitatenses
42:16 Long Swordsman
43:57 Legionary
48:38 Siege Ram
50:20 Fletching
Jazzmushroom
10:58 Feudal Age
15:10 Castle Age
13:30 Double-Bit Axe
13:27 Horse Collar
17:41 Bow Saw
18:59 Heavy Plow
19:58 Wheelbarrow
23:01 Forging
22:44 Loom
23:07 Gold Mining
24:02 Hand Cart
24:17 Gambesons
24:32 Squires
24:18 Arson
24:41 Scale Mail Armor
29:18 Stone Mining
30:32 Iron Casting
30:13 Chain Mail Armor
33:29 Imperial Age
30:47 Town Watch
33:14 Coinage
33:50 Fletching
35:12 Blast Furnace
36:05 Two-Man Saw
35:38 Crop Rotation
34:37 Gothikon
35:38 Conscription
34:56 Elite Varangian Guard
38:38 Plate Mail Armor
38:56 Banking
41:00 Capped Ram
41:52 Siege Ram
aq.gjoel
10:51 Feudal Age
11:36 Loom
15:04 Castle Age
13:15 Double-Bit Axe
22:55 Town Watch
27:30 Fletching
28:56 Husbandry
32:43 Bodkin Arrow
38:22 Horse Collar
41:58 Imperial Age
40:23 Bow Saw
40:44 Forging
40:37 Heavy Plow
42:18 Iron Casting
41:48 Scale Barding Armor
42:23 Wheelbarrow
42:21 Bloodlines
41:32 Light Cavalry
42:26 Hussar
44:13 Blast Furnace
44:41 Chain Barding Armor
47:17 Cavalier
50:33 Conscription
49:55 Paladin
51:32 Hand Cart
Oden
10:18 Feudal Age
14:42 Castle Age
13:19 Horse Collar
13:37 Double-Bit Axe
23:23 Wheelbarrow
22:55 Loom
24:05 Gold Mining
24:38 Heavy Plow
25:16 Bow Saw
28:37 Imperial Age
27:18 Fletching
27:29 Padded Archer Armor
26:52 Pikeman
27:47 Bloodlines
27:38 Husbandry
28:16 Gold Shaft Mining
28:27 Hand Cart
28:36 Ballistics
29:13 Parthian Tactics
28:46 Heavy Cavalry Archer
29:33 Town Watch
30:53 Chemistry
30:19 Thumb Ring
30:34 Leather Archer Armor
30:15 Bodkin Arrow
31:13 Town Patrol
30:41 Halberdier
32:01 Ring Archer Armor
34:59 Two-Man Saw
34:35 Scale Mail Armor
34:46 Forging
35:52 Chain Mail Armor
36:18 Light Cavalry
37:08 Hussar
41:21 Arson
41:58 Scale Barding Armor
42:30 Iron Casting
42:26 Plate Mail Armor
43:52 Heavy Camel Rider
47:34 Chain Barding Armor
Man on Carbs
11:21 Feudal Age
13:13 Double-Bit Axe
13:21 Horse Collar
16:01 Castle Age
15:34 Wheelbarrow
17:45 Bow Saw
17:38 Heavy Plow
19:26 Hand Cart
24:38 Hand Cart
25:36 Town Watch
29:10 Imperial Age
26:29 Loom
27:59 Forging
27:55 Scale Barding Armor
28:31 Masonry
28:46 Husbandry
28:58 Bloodlines
29:51 Iron Casting
29:20 Heavy Camel Rider
32:52 Blast Furnace
32:12 Chain Barding Armor
33:34 Fletching
34:47 Chemistry
34:09 Ballistics
33:33 Elite Skirmisher
35:11 Plate Barding Armor
34:36 Padded Archer Armor
34:13 Imperial Camel Rider
42:05 Gold Mining
42:43 Light Cavalry
44:26 Hussar
PurplePhoenix
10:53 Feudal Age
12:26 Double-Bit Axe
14:49 Castle Age
14:08 Horse Collar
15:49 Bow Saw
15:42 Heavy Plow
17:59 Loom
18:50 Wheelbarrow
26:29 Hand Cart
27:48 Forging
31:31 Ballistics
37:02 Imperial Age
35:20 Town Watch
35:43 Padded Archer Armor
35:53 Scale Mail Armor
36:28 Iron Casting
36:38 Gold Mining
39:06 Chemistry
38:35 Heavy Scorpion
39:08 Pikeman
41:22 Conscription
42:12 Siege Engineers
41:54 Halberdier
42:53 Chain Mail Armor
44:23 Blast Furnace
45:25 Squires
45:57 Plate Mail Armor
45:30 Man-at-Arms
46:08 Onager
46:12 Long Swordsman
46:13 Long Swordsman
47:32 Murder Holes
48:20 Two-Handed Swordsman
49:52 Champion
revolsanoM
10:33 Feudal Age
11:53 Double-Bit Axe
11:51 Horse Collar
12:49 Wheelbarrow
12:44 Gold Mining
15:32 Castle Age
15:50 Scale Mail Armor
17:44 Squires
24:20 Chain Mail Armor
25:45 Gambesons
27:11 Forging
27:01 Arson
30:26 Bow Saw
31:07 Heavy Plow
32:50 Iron Casting
34:27 Hand Cart
34:01 Man-at-Arms
37:29 Imperial Age
34:45 Loom
35:26 Fletching
36:21 Ballistics
36:19 Thumb Ring
36:25 Bodkin Arrow
37:04 Bloodlines
37:20 Padded Archer Armor
38:25 Bracer
38:27 Heavy Mounted Crossbowman
39:23 Husbandry
39:47 Cranequins
42:03 Chemistry
43:00 Conscription
43:10 Elite Varangian Guard
44:08 Leather Archer Armor
50:31 Long Swordsman
51:43 Plate Mail Armor
Richter Alexander Hold
10:27 Feudal Age
14:37 Castle Age
12:41 Double-Bit Axe
14:36 Horse Collar
16:31 Bow Saw
17:42 Fletching
19:08 Crossbowman
22:08 Heavy Plow
23:13 Town Watch
24:12 Wheelbarrow
23:25 Loom
24:57 Gold Mining
25:58 Bodkin Arrow
26:04 Padded Archer Armor
27:00 Padded Archer Armor
28:08 Gold Shaft Mining
30:04 Leather Archer Armor
30:18 Ballistics
33:06 Imperial Age
31:34 Hand Cart
31:58 Stone Mining
34:13 Bracer
34:43 Ring Archer Armor
34:00 Arbalester
36:08 Ring Archer Armor
36:30 Elite Skirmisher
41:18 Conscription
44:40 Yeomen
Connection lost

Rejoining the realm…

Still unreachable

The connection could not be restored.

Session expired

The server has moved on; the page needs a fresh start.